[ AOE2 MATCH · #479032151 ]
UnrankedTatars vs Vikings
[ REPLAY ANALYSIS · EXTRACTED FROM THE RECORDED GAME ]
Feudal
10:37
Castle
21:42
Imperial
—
| APM avg | 10.0 |
| APM peak | 22 |
| eAPM avg | 7.2 |
| Villagers / military | 54 / 17 |
Focus
⚔️ 21.5% · 🌾 78.5%
Spearman ×9 · Scout Cavalry ×4 · Fishing Ship ×3 · Galley ×2 · Cavalry Archer ×1 · Transport Ship ×1
Feudal
11:59
Castle
—
Imperial
—
| APM avg | 8.4 |
| APM peak | 39 |
| eAPM avg | 5.6 |
| Villagers / military | 28 / 0 |
Focus
⚔️ 22.9% · 🌾 77.1%
Fishing Ship ×8 · Unknown (2626) ×7
Feudal
11:08
Castle
20:32
Imperial
—
| APM avg | 59.4 |
| APM peak | 115 |
| eAPM avg | 15.4 |
| Villagers / military | 46 / 31 |
Focus
⚔️ 25.1% · 🌾 74.9%
Mangudai ×19 · Galley ×8 · Battering Ram ×4
Feudal
11:35
Castle
19:58
Imperial
—
| APM avg | 15.6 |
| APM peak | 34 |
| eAPM avg | 11.1 |
| Villagers / military | 60 / 11 |
Focus
⚔️ 17.8% · 🌾 82.2%
Fishing Ship ×23 · Unknown (2626) ×11 · Fire Galley ×9 · Demolition Raft ×2
Feudal
9:57
Castle
21:30
Imperial
—
| APM avg | 19.5 |
| APM peak | 44 |
| eAPM avg | 9.7 |
| Villagers / military | 58 / 0 |
Focus
⚔️ 10.2% · 🌾 89.8%
Unknown (2626) ×18 · Fishing Ship ×17
Feudal
11:49
Castle
19:47
Imperial
—
| APM avg | 26.0 |
| APM peak | 79 |
| eAPM avg | 9.3 |
| Villagers / military | 44 / 12 |
Focus
⚔️ 17.4% · 🌾 82.6%
Fishing Ship ×9 · Galley ×8 · Fire Galley ×2 · Demolition Raft ×2
Feudal
12:56
Castle
17:23
Imperial
—
| APM avg | 23.2 |
| APM peak | 57 |
| eAPM avg | 11.7 |
| Villagers / military | 76 / 30 |
Focus
⚔️ 16.1% · 🌾 83.9%
Longboat ×30 · Fishing Ship ×20
Feudal
12:20
Castle
17:22
Imperial
—
| APM avg | 11.9 |
| APM peak | 29 |
| eAPM avg | 7.6 |
| Villagers / military | 55 / 11 |
Focus
⚔️ 16.8% · 🌾 83.2%
Knight ×3 · Spearman ×3 · Fishing Ship ×3 · Galley ×2 · Fire Galley ×2 · Demolition Raft ×1
Match map
Initial resources + every placement click. Lines = walls · curves = elevation contours. ◆ gold · ⬟ stone · ● berries · ✦ relic · ◌ wall gap
Your base· ✓ Map-separated
Douxmurder's base· ✓ Map-separated
NoSkillForMeeTTV's base· ✓ Map-separated
Facuxx26's base· ✓ Map-separated
samreutt's base· ✓ Map-separated
ageofscarlet's base· ✓ Map-separated
JGamer's base· ✓ Map-separated
Pradera Siberiana's base· ✓ Map-separated
Smoothed initial terrain · ◌ = detected wall gap · hover for details
Inputs per minute
— kmk - - Douxmurder
Build order — kmk
140 actions detected in the replay
| 0:03 | Build | House |
| 0:05 | Build | House |
| 0:06 | Create | Villager (Male) |
| 0:06 | Create | Villager (Male) |
| 0:07 | Create | Villager (Male) |
| 0:07 | Create | Villager (Male) |
| 1:37 | Create | Villager (Male) |
| 2:00 | Create | Villager (Male) |
| 2:28 | Create | Villager (Male) |
| 2:59 | Create | Villager (Male) |
| 3:18 | Create | Villager (Male) |
| 3:31 | Create | Villager (Male) |
| 3:34 | Build | Mill |
| 4:12 | Create | Villager (Male) |
| 4:31 | Create | Villager (Male) |
| 4:40 | Build | Lumber Camp |
| 4:48 | Create | Villager (Male) |
| 5:00 | Create | Villager (Male) |
| 5:07 | Create | Villager (Male) |
| 5:38 | Build | House |
| 5:46 | Create | Villager (Male) |
| 5:51 | Create | Villager (Male) |
| 6:37 | Create | Villager (Male) |
| 6:40 | Create | Villager (Male) |
| 7:01 | Create | Villager (Male) |
| 7:26 | Research | Loom |
| 7:43 | Build | Mining Camp |
| 8:20 | Research | Feudal Age |
| 8:36 | Build | Barracks |
| 8:37 | Build | House |
| 8:39 | Build | House |
| 8:42 | Build | House |
| 8:44 | Build | House |
| 10:03 | Build | House |
| 10:04 | Build | House |
| 10:37 | Age | Feudal Age |
| 10:58 | Build | Stable |
| 11:44 | Create | Villager (Male) |
| 11:45 | Create | Villager (Male) |
| 11:46 | Create | Villager (Male) |
| 11:46 | Create | Villager (Male) |
| 12:13 | Build | Blacksmith |
| 12:17 | Create | Scout Cavalry |
| 12:18 | Create | Scout Cavalry |
| 12:18 | Create | Scout Cavalry |
| 12:21 | Create | Scout Cavalry |
| 13:12 | Research | Horse Collar |
| 13:21 | Build | Lumber Camp |
| 13:29 | Create | Villager (Male) |
| 13:30 | Create | Villager (Male) |
| 13:39 | Build | Farm |
| 13:40 | Build | Farm |
| 13:41 | Build | Farm |
| 13:42 | Build | Farm |
| 14:10 | Build | Farm |
| 14:13 | Build | Farm |
| 14:16 | Build | Farm |
| 14:17 | Create | Villager (Male) |
| 14:31 | Build | Farm |
| 14:42 | Create | Villager (Male) |
| 15:00 | Build | Farm |
| 15:02 | Create | Villager (Male) |
| 15:03 | Create | Villager (Male) |
| 15:28 | Build | Farm |
| 15:34 | Build | House |
| 15:35 | Build | House |
| 15:36 | Build | House |
| 15:44 | Build | Farm |
| 15:47 | Create | Villager (Male) |
| 15:50 | Create | Villager (Male) |
| 16:00 | Research | Forging |
| 16:00 | Research | Scale Barding Armor |
| 16:12 | Build | Farm |
| 16:44 | Build | Farm |
| 17:09 | Build | Farm |
| 17:15 | Build | Dock |
| 17:38 | Build | Farm |
| 17:39 | Build | Farm |
| 17:40 | Build | Farm |
| 17:41 | Build | Farm |
| 17:45 | Build | Farm |
| 17:47 | Build | Farm |
| 18:09 | Build | Mining Camp |
| 19:02 | Research | Castle Age |
| 19:09 | Create | Fishing Ship |
| 19:09 | Create | Fishing Ship |
| 19:09 | Create | Fishing Ship |
| 21:08 | Create | Spearman |
| 21:09 | Create | Spearman |
| 21:09 | Create | Spearman |
| 21:09 | Create | Spearman |
| 21:10 | Create | Spearman |
| 21:10 | Create | Spearman |
| 21:10 | Create | Spearman |
| 21:11 | Create | Spearman |
| 21:11 | Create | Spearman |
| 21:33 | Create | Villager (Male) |
| 21:33 | Create | Villager (Male) |
| 21:33 | Create | Villager (Male) |
| 21:34 | Create | Villager (Male) |
| 21:36 | Create | Villager (Male) |
| 21:42 | Age | Castle Age |
| 21:49 | Build | University |
| 22:19 | Build | Archery Range |
| 22:57 | Create | Galley |
| 23:16 | Create | Villager (Male) |
| 23:16 | Create | Villager (Male) |
| 23:33 | Create | Galley |
| 23:41 | Research | Pikeman (upgrade) |
| 23:45 | Research | Pikeman (upgrade) |
| 23:50 | Research | Squires |
| 23:59 | Build | Farm |
| 24:10 | Create | Villager (Male) |
| 24:12 | Research | Double-Bit Axe |
| 24:55 | Create | Cavalry Archer |
| 25:07 | Build | House |
| 25:08 | Build | House |
| 25:10 | Build | House |
| 25:12 | Build | House |
| 25:20 | Create | Villager (Male) |
| 25:21 | Create | Villager (Male) |
| 25:21 | Create | Villager (Male) |
| 25:21 | Create | Villager (Male) |
| 26:03 | Create | Transport Ship |
| 26:21 | Build | Town Center |
| 26:25 | Create | Villager (Male) |
| 26:25 | Create | Villager (Male) |
| 26:43 | Create | Villager (Male) |
| 26:44 | Create | Villager (Male) |
| 27:04 | Research | Bow Saw |
| 27:52 | Research | Heavy Plow |
| 28:03 | Create | Villager (Male) |
| 28:03 | Create | Villager (Male) |
| 28:03 | Create | Villager (Male) |
| 28:04 | Create | Villager (Male) |
| 28:05 | Create | Villager (Male) |
| 28:07 | Create | Villager (Male) |
| 28:40 | Build | Castle |
| 28:56 | Build | Town Center |
| 29:33 | Build | Monastery |
Build order — Douxmurder
64 actions detected in the replay
| 0:02 | Create | Villager (Male) |
| 0:02 | Create | Villager (Male) |
| 0:02 | Create | Villager (Male) |
| 0:06 | Build | House |
| 0:07 | Build | House |
| 0:24 | Create | Villager (Male) |
| 1:17 | Research | Loom |
| 1:44 | Create | Villager (Male) |
| 1:45 | Create | Villager (Male) |
| 1:50 | Build | Lumber Camp |
| 2:05 | Create | Villager (Male) |
| 2:23 | Create | Villager (Male) |
| 3:06 | Create | Villager (Male) |
| 3:06 | Create | Villager (Male) |
| 3:09 | Create | Villager (Male) |
| 3:42 | Create | Villager (Male) |
| 4:01 | Build | Dock |
| 4:06 | Create | Villager (Male) |
| 4:16 | Build | House |
| 4:32 | Create | Villager (Male) |
| 4:55 | Build | House |
| 5:18 | Create | Villager (Male) |
| 5:20 | Create | Villager (Male) |
| 6:17 | Create | Villager (Male) |
| 6:32 | Create | Villager (Male) |
| 6:51 | Create | Villager (Male) |
| 6:57 | Build | Mill |
| 7:04 | Build | Mining Camp |
| 7:09 | Create | Fishing Ship |
| 7:09 | Create | Fishing Ship |
| 7:14 | Build | House |
| 7:48 | Create | Villager (Male) |
| 8:11 | Create | Fishing Ship |
| 8:38 | Create | Villager (Male) |
| 8:53 | Create | Fishing Ship |
| 9:10 | Create | Villager (Male) |
| 9:49 | Research | Feudal Age |
| 10:17 | Create | Fishing Ship |
| 10:20 | Create | Fishing Ship |
| 11:20 | Create | Fishing Ship |
| 11:23 | Create | Fishing Ship |
| 11:52 | Build | House |
| 11:59 | Age | Feudal Age |
| 12:00 | Create | Villager (Male) |
| 12:13 | Create | Unit 2626 |
| 12:15 | Create | Unit 2626 |
| 12:38 | Build | Dock |
| 12:45 | Build | Market |
| 12:49 | Create | Villager (Male) |
| 12:50 | Create | Villager (Male) |
| 13:48 | Build | Blacksmith |
| 13:50 | Create | Villager (Male) |
| 13:56 | Build | House |
| 14:05 | Create | Unit 2626 |
| 14:25 | Create | Villager (Male) |
| 14:26 | Create | Villager (Male) |
| 14:49 | Research | Castle Age |
| 14:55 | Research | Forging |
| 15:09 | Create | Unit 2626 |
| 15:14 | Create | Unit 2626 |
| 15:14 | Create | Unit 2626 |
| 15:39 | Create | Unit 2626 |
| 15:47 | Build | House |
| 16:02 | Research | Double-Bit Axe |
Build order — NoSkillForMeeTTV
116 actions detected in the replay
| 0:00 | Create | Villager (Male) |
| 0:01 | Create | Villager (Male) |
| 0:02 | Build | House |
| 0:05 | Build | House |
| 0:07 | Create | Villager (Male) |
| 0:07 | Create | Villager (Male) |
| 1:46 | Create | Villager (Male) |
| 2:12 | Create | Villager (Male) |
| 2:22 | Build | Lumber Camp |
| 2:48 | Create | Villager (Male) |
| 3:31 | Research | Loom |
| 4:04 | Create | Villager (Male) |
| 4:05 | Create | Villager (Male) |
| 4:05 | Create | Villager (Male) |
| 4:05 | Create | Villager (Male) |
| 4:21 | Create | Villager (Male) |
| 4:49 | Create | Villager (Male) |
| 4:54 | Create | Villager (Male) |
| 5:03 | Build | Mill |
| 6:29 | Build | House |
| 7:11 | Create | Villager (Male) |
| 7:12 | Create | Villager (Male) |
| 7:56 | Create | Villager (Male) |
| 8:33 | Create | Villager (Male) |
| 8:35 | Research | Feudal Age |
| 8:57 | Build | Mining Camp |
| 11:08 | Age | Feudal Age |
| 11:11 | Create | Villager (Male) |
| 11:14 | Create | Villager (Male) |
| 11:22 | Build | Dock |
| 11:35 | Create | Villager (Male) |
| 12:05 | Build | House |
| 12:24 | Create | Galley |
| 12:25 | Create | Galley |
| 12:25 | Create | Galley |
| 12:30 | Build | Dock |
| 12:47 | Create | Villager (Male) |
| 13:03 | Create | Galley |
| 13:13 | Build | Farm |
| 13:14 | Build | Farm |
| 13:14 | Build | Farm |
| 13:14 | Build | Farm |
| 13:15 | Build | Farm |
| 13:15 | Build | Farm |
| 13:16 | Build | Farm |
| 13:19 | Create | Villager (Male) |
| 13:20 | Create | Villager (Male) |
| 13:27 | Build | House |
| 14:27 | Create | Villager (Male) |
| 14:27 | Create | Villager (Male) |
| 14:28 | Create | Villager (Male) |
| 15:15 | Build | Market |
| 15:19 | Build | Blacksmith |
| 15:35 | Build | House |
| 15:38 | Build | House |
| 16:04 | Build | Lumber Camp |
| 17:52 | Research | Castle Age |
| 18:34 | Build | Mining Camp |
| 18:40 | Create | Galley |
| 18:41 | Create | Galley |
| 18:42 | Create | Galley |
| 18:43 | Create | Galley |
| 19:57 | Create | Villager (Male) |
| 20:32 | Age | Castle Age |
| 20:36 | Create | Villager (Male) |
| 20:53 | Build | Castle |
| 21:06 | Create | Villager (Male) |
| 21:07 | Create | Villager (Male) |
| 21:14 | Research | Fletching |
| 21:18 | Build | University |
| 21:39 | Create | Villager (Male) |
| 21:51 | Research | Ballistics |
| 21:51 | Research | Ballistics |
| 22:04 | Build | Lumber Camp |
| 22:28 | Create | Mangudai |
| 22:31 | Create | Villager (Male) |
| 22:32 | Create | Villager (Male) |
| 22:55 | Create | Mangudai |
| 23:20 | Create | Mangudai |
| 23:21 | Create | Mangudai |
| 23:21 | Create | Mangudai |
| 23:37 | Create | Villager (Male) |
| 23:39 | Create | Villager (Male) |
| 23:54 | Create | Mangudai |
| 24:23 | Create | Mangudai |
| 24:23 | Create | Mangudai |
| 24:35 | Create | Villager (Male) |
| 24:35 | Create | Villager (Male) |
| 24:36 | Create | Villager (Male) |
| 25:01 | Create | Mangudai |
| 25:24 | Create | Mangudai |
| 25:24 | Create | Mangudai |
| 25:27 | Create | Villager (Male) |
| 25:27 | Create | Villager (Male) |
| 25:59 | Create | Mangudai |
| 25:59 | Create | Mangudai |
| 26:49 | Build | Siege Workshop |
| 26:50 | Create | Villager (Male) |
| 26:51 | Create | Villager (Male) |
| 26:51 | Create | Villager (Male) |
| 26:57 | Create | Mangudai |
| 27:30 | Create | Mangudai |
| 28:19 | Create | Battering Ram |
| 28:20 | Create | Battering Ram |
| 28:21 | Build | Siege Workshop |
| 28:23 | Create | Villager (Male) |
| 28:23 | Create | Villager (Male) |
| 28:26 | Research | Padded Archer Armor |
| 28:26 | Research | Bodkin Arrow |
| 29:07 | Create | Battering Ram |
| 29:08 | Create | Mangudai |
| 29:09 | Create | Mangudai |
| 30:00 | Create | Battering Ram |
| 30:03 | Build | Mining Camp |
| 30:05 | Create | Mangudai |
| 30:05 | Create | Mangudai |
Build order — Facuxx26
First 150 of 161 actions detected
| 0:04 | Research | Loom |
| 0:05 | Create | Villager (Male) ×4 |
| 0:10 | Build | House |
| 0:11 | Build | House |
| 1:51 | Create | Villager (Male) |
| 1:51 | Create | Villager (Male) |
| 2:19 | Build | Lumber Camp |
| 2:26 | Create | Villager (Male) |
| 2:26 | Create | Villager (Male) |
| 2:42 | Create | Villager (Male) |
| 2:42 | Create | Villager (Male) |
| 3:26 | Create | Villager (Male) |
| 3:26 | Create | Villager (Male) |
| 3:53 | Create | Villager (Male) |
| 3:53 | Create | Villager (Male) |
| 4:08 | Create | Villager (Male) |
| 4:25 | Create | Villager (Male) |
| 4:25 | Create | Villager (Male) |
| 4:55 | Build | House |
| 5:44 | Build | Mill |
| 5:56 | Create | Villager (Male) |
| 5:56 | Create | Villager (Male) |
| 5:56 | Create | Villager (Male) |
| 5:57 | Create | Villager (Male) |
| 6:07 | Create | Villager (Male) |
| 6:33 | Create | Villager (Male) |
| 6:47 | Create | Villager (Male) |
| 7:00 | Create | Villager (Male) |
| 7:04 | Build | Lumber Camp |
| 7:13 | Build | House |
| 7:25 | Create | Villager (Male) |
| 8:39 | Create | Villager (Male) |
| 9:05 | Build | Dock |
| 9:25 | Build | Farm |
| 9:26 | Build | Farm |
| 9:28 | Build | Farm |
| 9:47 | Build | Farm |
| 10:07 | Build | Farm |
| 10:08 | Build | Farm |
| 10:17 | Research | Feudal Age |
| 10:18 | Research | Feudal Age |
| 10:27 | Build | Mining Camp |
| 11:06 | Create | Fishing Ship |
| 11:07 | Create | Fishing Ship |
| 11:12 | Create | Fishing Ship |
| 11:20 | Build | House |
| 11:35 | Age | Feudal Age |
| 11:45 | Research | Double-Bit Axe |
| 11:58 | Create | Villager (Male) |
| 11:59 | Create | Villager (Male) |
| 11:59 | Create | Villager (Male) |
| 12:06 | Create | Demolition Raft |
| 12:07 | Create | Demolition Raft |
| 12:11 | Create | Fishing Ship |
| 12:12 | Create | Fishing Ship |
| 12:35 | Create | Fishing Ship |
| 12:43 | Create | Villager (Male) |
| 12:59 | Create | Villager (Male) |
| 13:03 | Create | Fishing Ship |
| 13:04 | Create | Fishing Ship |
| 13:15 | Build | Farm |
| 13:18 | Build | Farm |
| 13:29 | Build | House |
| 13:35 | Build | House |
| 13:56 | Research | Wheelbarrow |
| 14:18 | Build | Market |
| 15:15 | Build | Barracks |
| 16:22 | Build | Dock |
| 16:26 | Build | House |
| 16:27 | Build | House |
| 17:03 | Create | Villager (Male) |
| 17:09 | Create | Villager (Male) |
| 17:17 | Build | Archery Range |
| 17:36 | Create | Unit 2626 |
| 17:37 | Create | Unit 2626 |
| 17:37 | Create | Unit 2626 |
| 17:45 | Create | Fire Galley |
| 17:45 | Create | Fire Galley |
| 17:45 | Create | Fire Galley |
| 18:03 | Create | Fire Galley |
| 18:13 | Build | Dock |
| 18:22 | Research | Castle Age |
| 18:23 | Research | Castle Age |
| 18:38 | Create | Fishing Ship |
| 18:39 | Create | Fishing Ship |
| 18:54 | Create | Fishing Ship |
| 19:32 | Create | Unit 2626 |
| 19:32 | Create | Unit 2626 |
| 19:45 | Build | Dock |
| 19:55 | Build | Mining Camp |
| 19:58 | Age | Castle Age |
| 19:59 | Create | Villager (Male) |
| 19:59 | Create | Villager (Male) |
| 20:19 | Create | Unit 2626 |
| 20:19 | Create | Unit 2626 |
| 20:27 | Create | Fishing Ship |
| 20:36 | Create | Fishing Ship |
| 20:36 | Create | Fishing Ship |
| 20:36 | Create | Fishing Ship |
| 20:41 | Create | Villager (Male) |
| 20:41 | Create | Villager (Male) |
| 21:37 | Create | Fire Galley |
| 21:38 | Create | Fire Galley |
| 21:43 | Create | Fishing Ship |
| 21:43 | Create | Fishing Ship |
| 21:50 | Create | Unit 2626 |
| 21:50 | Create | Unit 2626 |
| 22:02 | Build | Farm |
| 22:07 | Research | Horse Collar |
| 22:10 | Create | Villager (Male) |
| 22:10 | Create | Villager (Male) |
| 22:10 | Create | Villager (Male) |
| 22:21 | Research | Bow Saw |
| 23:20 | Create | Unit 2626 |
| 23:20 | Create | Unit 2626 |
| 23:23 | Create | Fire Galley |
| 23:30 | Create | Fishing Ship |
| 23:30 | Create | Fishing Ship |
| 24:06 | Create | Villager (Male) |
| 24:07 | Create | Villager (Male) |
| 24:17 | Build | Town Center |
| 24:35 | Build | Town Center |
| 25:10 | Create | Fishing Ship |
| 25:10 | Create | Fishing Ship |
| 25:18 | Build | House |
| 25:18 | Build | House |
| 25:18 | Build | House |
| 25:18 | Build | House |
| 25:19 | Build | House |
| 25:19 | Build | House |
| 25:19 | Build | House |
| 25:20 | Build | House |
| 25:22 | Build | House |
| 26:23 | Research | Hand Cart |
| 26:29 | Create | Villager (Male) |
| 26:30 | Create | Villager (Male) |
| 26:30 | Create | Villager (Male) |
| 26:31 | Create | Villager (Male) |
| 26:34 | Create | Villager (Male) |
| 26:34 | Create | Villager (Male) |
| 26:34 | Create | Villager (Male) |
| 26:34 | Create | Villager (Male) |
| 26:35 | Create | Villager (Male) |
| 26:57 | Create | Villager (Male) |
| 26:57 | Create | Villager (Male) |
| 26:58 | Create | Villager (Male) |
| 27:03 | Build | Farm |
| 27:03 | Build | Farm |
| 27:03 | Build | Farm |
| 27:04 | Build | Farm |
Build order — samreutt
147 actions detected in the replay
| 0:01 | Create | Villager (Male) |
| 0:01 | Research | Loom |
| 0:03 | Build | House |
| 0:06 | Build | House |
| 0:09 | Create | Villager (Male) |
| 0:09 | Create | Villager (Male) |
| 0:10 | Create | Villager (Male) |
| 0:10 | Create | Villager (Male) |
| 1:26 | Create | Villager (Male) |
| 2:05 | Create | Villager (Male) |
| 2:12 | Build | Lumber Camp |
| 2:17 | Create | Villager (Male) |
| 2:53 | Create | Villager (Male) |
| 3:01 | Create | Villager (Male) |
| 3:44 | Create | Villager (Male) |
| 3:58 | Build | Mill |
| 4:29 | Create | Villager (Male) |
| 4:29 | Create | Villager (Male) |
| 4:30 | Create | Villager (Male) |
| 4:30 | Create | Villager (Male) |
| 5:08 | Create | Villager (Male) |
| 5:39 | Build | House |
| 5:41 | Build | House |
| 5:43 | Build | House |
| 6:24 | Research | Loom |
| 6:49 | Build | Dock |
| 6:53 | Create | Villager (Male) |
| 6:54 | Create | Villager (Male) |
| 7:25 | Build | Mining Camp |
| 7:47 | Research | Feudal Age |
| 8:10 | Create | Fishing Ship |
| 8:44 | Create | Fishing Ship |
| 9:20 | Build | Outpost |
| 9:22 | Build | Outpost |
| 9:24 | Build | Outpost |
| 9:26 | Build | Outpost |
| 9:43 | Create | Villager (Male) |
| 9:43 | Create | Villager (Male) |
| 9:44 | Create | Villager (Male) |
| 9:57 | Age | Feudal Age |
| 10:00 | Create | Unit 2626 |
| 10:00 | Create | Unit 2626 |
| 10:01 | Create | Unit 2626 |
| 10:23 | Create | Unit 2626 |
| 10:49 | Create | Unit 2626 |
| 11:03 | Create | Villager (Male) |
| 11:03 | Create | Villager (Male) |
| 11:03 | Create | Villager (Male) |
| 11:12 | Create | Fishing Ship |
| 11:30 | Build | Dock |
| 11:53 | Create | Villager (Male) |
| 11:53 | Create | Villager (Male) |
| 11:59 | Build | Farm |
| 12:00 | Build | Farm |
| 12:07 | Research | Double-Bit Axe |
| 12:19 | Create | Unit 2626 |
| 12:29 | Build | House |
| 12:29 | Build | House |
| 12:30 | Build | House |
| 12:32 | Build | House |
| 12:49 | Create | Fishing Ship |
| 13:14 | Create | Fishing Ship |
| 13:14 | Create | Fishing Ship |
| 13:17 | Create | Fishing Ship |
| 13:24 | Create | Villager (Male) |
| 13:24 | Create | Villager (Male) |
| 13:35 | Build | House |
| 13:38 | Research | Wheelbarrow |
| 13:45 | Build | Farm |
| 14:15 | Create | Fishing Ship |
| 14:16 | Create | Fishing Ship |
| 14:26 | Create | Fishing Ship |
| 14:42 | Create | Villager (Male) |
| 14:42 | Create | Villager (Male) |
| 14:42 | Create | Villager (Male) |
| 14:52 | Build | Blacksmith |
| 15:32 | Create | Villager (Male) |
| 15:37 | Build | House |
| 15:38 | Build | House |
| 15:38 | Build | House |
| 16:09 | Create | Fishing Ship |
| 16:09 | Create | Fishing Ship |
| 16:09 | Create | Fishing Ship |
| 16:15 | Build | Farm |
| 16:16 | Build | Farm |
| 16:32 | Build | Mining Camp |
| 17:24 | Create | Villager (Male) |
| 17:25 | Create | Villager (Male) |
| 17:36 | Build | Market |
| 17:42 | Build | Barracks |
| 18:41 | Build | Farm |
| 18:42 | Build | Farm |
| 18:42 | Build | Farm |
| 18:43 | Build | Farm |
| 18:50 | Research | Castle Age |
| 19:03 | Create | Unit 2626 ×3 |
| 19:03 | Create | Unit 2626 ×3 |
| 19:31 | Create | Villager (Male) |
| 19:31 | Create | Villager (Male) |
| 19:31 | Create | Villager (Male) |
| 19:32 | Create | Villager (Male) |
| 19:44 | Build | Lumber Camp |
| 19:51 | Build | Lumber Camp |
| 21:11 | Create | Fishing Ship |
| 21:12 | Create | Fishing Ship |
| 21:15 | Create | Fishing Ship |
| 21:15 | Create | Fishing Ship |
| 21:19 | Create | Villager (Male) |
| 21:30 | Age | Castle Age |
| 21:36 | Research | War Galley (upgrade) |
| 21:55 | Build | University |
| 23:26 | Create | Unit 2626 ×3 |
| 23:26 | Create | Unit 2626 ×3 |
| 23:40 | Create | Villager (Male) |
| 23:40 | Create | Villager (Male) |
| 23:40 | Create | Villager (Male) |
| 23:49 | Research | Horse Collar |
| 23:51 | Research | Bow Saw |
| 23:57 | Build | House |
| 23:58 | Build | House |
| 23:59 | Build | House |
| 24:01 | Build | House |
| 24:11 | Create | Villager (Male) |
| 24:11 | Create | Villager (Male) |
| 24:12 | Create | Villager (Male) |
| 24:13 | Create | Villager (Male) |
| 24:19 | Build | Town Center |
| 24:33 | Build | Castle |
| 25:51 | Create | Villager (Male) |
| 25:51 | Create | Villager (Male) |
| 25:52 | Create | Villager (Male) |
| 25:52 | Create | Villager (Male) |
| 25:52 | Create | Villager (Male) |
| 25:55 | Create | Villager (Male) |
| 25:55 | Create | Villager (Male) |
| 25:55 | Create | Villager (Male) |
| 26:07 | Build | Mining Camp |
| 26:32 | Build | Lumber Camp |
| 27:25 | Research | Imperial Age |
| 27:31 | Create | Villager (Male) |
| 27:31 | Create | Villager (Male) |
| 27:31 | Create | Villager (Male) |
| 27:31 | Create | Villager (Male) |
| 28:38 | Research | Careening |
| 28:40 | Research | Ballistics |
| 28:52 | Research | Fletching |
| 29:00 | Research | Padded Archer Armor |
Build order — ageofscarlet
107 actions detected in the replay
| 0:01 | Create | Villager (Male) |
| 0:01 | Create | Villager (Male) |
| 0:02 | Create | Villager (Male) |
| 0:03 | Build | House |
| 0:09 | Build | House |
| 0:41 | Create | Villager (Male) |
| 0:41 | Create | Villager (Male) |
| 1:27 | Create | Villager (Male) |
| 1:52 | Build | Lumber Camp |
| 2:07 | Create | Villager (Male) |
| 2:08 | Create | Villager (Male) |
| 2:36 | Create | Villager (Male) |
| 2:36 | Create | Villager (Male) |
| 3:05 | Create | Villager (Male) |
| 3:06 | Create | Villager (Male) |
| 3:51 | Create | Villager (Male) |
| 3:51 | Create | Villager (Male) |
| 4:06 | Create | Villager (Male) |
| 4:06 | Create | Villager (Male) |
| 4:44 | Create | Villager (Male) |
| 4:44 | Create | Villager (Male) |
| 4:44 | Create | Villager (Male) |
| 4:58 | Build | Dock |
| 5:32 | Create | Villager (Male) |
| 5:33 | Create | Villager (Male) |
| 5:44 | Build | House |
| 6:08 | Create | Villager (Male) |
| 6:08 | Create | Villager (Male) |
| 6:08 | Create | Villager (Male) |
| 6:19 | Create | Fishing Ship |
| 6:26 | Create | Fishing Ship |
| 7:10 | Create | Villager (Male) |
| 7:10 | Create | Villager (Male) |
| 7:43 | Create | Fishing Ship |
| 8:11 | Create | Villager (Male) |
| 8:12 | Create | Villager (Male) |
| 8:19 | Research | Loom |
| 8:19 | Create | Villager (Male) |
| 8:26 | Build | House |
| 8:57 | Build | House |
| 9:08 | Build | Mill |
| 9:11 | Create | Villager (Male) |
| 9:15 | Research | Feudal Age |
| 9:20 | Create | Fishing Ship |
| 9:22 | Create | Fishing Ship |
| 9:57 | Create | Villager (Male) |
| 10:50 | Create | Villager (Male) |
| 10:50 | Create | Villager (Male) |
| 11:16 | Create | Villager (Male) |
| 11:44 | Build | Mining Camp |
| 11:49 | Age | Feudal Age |
| 11:55 | Research | Tech 906 |
| 12:03 | Research | Double-Bit Axe |
| 12:37 | Create | Villager (Male) |
| 12:58 | Create | Villager (Male) |
| 13:16 | Create | Galley |
| 13:16 | Create | Galley |
| 13:48 | Build | House |
| 13:55 | Build | House |
| 14:29 | Create | Fire Galley |
| 14:44 | Build | Dock |
| 15:00 | Create | Villager (Male) |
| 15:48 | Create | Demolition Raft |
| 15:59 | Create | Galley |
| 16:02 | Create | Galley |
| 16:12 | Build | Blacksmith |
| 16:17 | Build | Market |
| 16:20 | Create | Villager (Male) |
| 16:26 | Research | Horse Collar |
| 16:28 | Research | Gold Mining |
| 17:07 | Research | Castle Age |
| 17:16 | Research | Fletching |
| 17:24 | Create | Galley |
| 18:10 | Create | Demolition Raft |
| 18:21 | Create | Villager (Male) |
| 18:22 | Create | Villager (Male) |
| 18:22 | Research | Wheelbarrow |
| 18:26 | Research | Stone Mining |
| 18:33 | Research | Padded Archer Armor |
| 18:45 | Build | House |
| 18:57 | Build | Outpost |
| 19:13 | Build | Mining Camp |
| 19:45 | Create | Galley |
| 19:47 | Age | Castle Age |
| 20:30 | Build | Lumber Camp |
| 21:03 | Create | Villager (Male) |
| 21:21 | Research | Bow Saw |
| 21:32 | Research | War Galley (upgrade) |
| 21:50 | Create | Villager (Male) |
| 22:11 | Create | Fire Galley |
| 22:13 | Create | Galley |
| 22:22 | Create | Galley |
| 22:39 | Research | Tech 905 |
| 23:43 | Research | Gillnets |
| 23:43 | Create | Fishing Ship |
| 23:43 | Create | Fishing Ship |
| 23:46 | Create | Fishing Ship |
| 23:47 | Create | Fishing Ship |
| 24:40 | Build | Castle |
| 25:39 | Build | Farm |
| 25:39 | Build | Farm |
| 25:39 | Build | Farm |
| 25:40 | Build | Farm |
| 27:32 | Build | Castle |
| 28:24 | Create | Villager (Male) |
| 28:25 | Create | Villager (Male) |
| 28:27 | Research | Town Watch |
Build order — JGamer
First 150 of 185 actions detected
| 0:00 | Create | Villager (Male) |
| 0:01 | Create | Villager (Male) |
| 0:01 | Create | Villager (Male) |
| 0:01 | Create | Villager (Male) |
| 0:01 | Create | Villager (Male) |
| 0:03 | Build | House |
| 0:05 | Build | House |
| 1:55 | Create | Villager (Male) |
| 1:55 | Create | Villager (Male) |
| 2:26 | Create | Villager (Male) |
| 2:27 | Create | Villager (Male) |
| 2:59 | Create | Villager (Male) |
| 2:59 | Create | Villager (Male) |
| 3:24 | Build | House |
| 3:47 | Build | Lumber Camp |
| 3:52 | Create | Villager (Male) |
| 4:19 | Create | Villager (Male) |
| 4:41 | Create | Villager (Male) |
| 5:08 | Build | House |
| 5:22 | Create | Villager (Male) |
| 5:38 | Create | Villager (Male) |
| 5:52 | Build | Dock |
| 6:25 | Build | Mill |
| 6:45 | Create | Villager (Male) |
| 6:46 | Create | Villager (Male) |
| 6:53 | Create | Fishing Ship |
| 6:54 | Create | Fishing Ship |
| 7:12 | Create | Villager (Male) |
| 7:38 | Create | Villager (Male) |
| 7:40 | Create | Fishing Ship |
| 8:12 | Create | Villager (Male) |
| 8:27 | Create | Fishing Ship |
| 8:27 | Create | Fishing Ship |
| 8:30 | Create | Villager (Male) |
| 8:55 | Create | Villager (Male) |
| 9:07 | Create | Fishing Ship |
| 9:16 | Build | House |
| 9:18 | Build | House |
| 9:22 | Create | Villager (Male) |
| 9:30 | Build | Farm |
| 9:34 | Create | Villager (Male) |
| 9:56 | Create | Fishing Ship |
| 10:15 | Build | Lumber Camp |
| 10:31 | Create | Fishing Ship |
| 10:46 | Research | Feudal Age |
| 10:55 | Create | Villager (Male) |
| 10:56 | Create | Villager (Male) |
| 11:11 | Create | Villager (Male) |
| 11:19 | Build | Outpost |
| 11:24 | Build | Outpost |
| 11:39 | Build | Outpost |
| 11:41 | Create | Villager (Male) |
| 11:51 | Create | Fishing Ship |
| 11:51 | Create | Fishing Ship |
| 12:00 | Build | Dock |
| 12:27 | Build | Dock |
| 12:42 | Create | Villager (Male) |
| 12:56 | Age | Feudal Age |
| 13:01 | Build | Blacksmith |
| 13:15 | Create | Villager (Male) |
| 13:32 | Build | House |
| 13:47 | Build | Market |
| 13:51 | Research | Loom |
| 13:52 | Research | Town Watch |
| 14:03 | Create | Fishing Ship |
| 14:43 | Research | Castle Age |
| 14:45 | Create | Villager (Male) |
| 14:45 | Create | Villager (Male) |
| 14:45 | Create | Villager (Male) |
| 14:52 | Build | Mining Camp |
| 14:54 | Research | Double-Bit Axe |
| 15:38 | Build | Barracks |
| 15:43 | Research | Gold Mining |
| 15:50 | Research | Fletching |
| 15:51 | Research | Fletching |
| 15:59 | Create | Fishing Ship |
| 15:59 | Create | Fishing Ship |
| 16:08 | Create | Fishing Ship |
| 16:08 | Create | Fishing Ship |
| 16:56 | Create | Fishing Ship |
| 16:57 | Create | Fishing Ship |
| 17:09 | Build | Mining Camp |
| 17:20 | Build | Dock |
| 17:23 | Age | Castle Age |
| 17:40 | Create | Longboat ×2 |
| 17:41 | Create | Longboat ×2 |
| 17:45 | Build | House |
| 17:49 | Create | Villager (Male) |
| 17:50 | Create | Villager (Male) |
| 17:54 | Build | House |
| 17:55 | Build | House |
| 18:04 | Create | Longboat |
| 18:04 | Create | Longboat |
| 18:31 | Build | House |
| 18:32 | Create | Villager (Male) |
| 18:40 | Create | Longboat |
| 18:41 | Create | Longboat |
| 18:42 | Create | Longboat |
| 18:42 | Create | Longboat |
| 18:57 | Build | House |
| 19:24 | Create | Longboat |
| 19:24 | Create | Longboat |
| 19:24 | Create | Longboat |
| 19:25 | Create | Villager (Male) |
| 19:26 | Create | Villager (Male) |
| 19:39 | Build | Town Center |
| 19:55 | Create | Villager (Male) |
| 19:59 | Build | House |
| 20:00 | Build | House |
| 20:50 | Create | Villager (Male) |
| 20:51 | Create | Villager (Male) |
| 20:54 | Create | Villager (Male) |
| 21:00 | Create | Longboat ×4 |
| 21:00 | Create | Longboat ×4 |
| 21:33 | Create | Villager (Male) |
| 21:34 | Create | Villager (Male) |
| 21:35 | Create | Villager (Male) |
| 21:35 | Create | Villager (Male) |
| 21:43 | Build | Dock |
| 21:51 | Create | Longboat |
| 21:51 | Create | Longboat |
| 21:51 | Create | Longboat |
| 22:09 | Build | House |
| 22:11 | Build | House |
| 22:19 | Create | Villager (Male) |
| 22:19 | Create | Villager (Male) |
| 22:56 | Create | Villager (Male) |
| 22:57 | Create | Villager (Male) |
| 22:57 | Create | Villager (Male) |
| 22:57 | Create | Villager (Male) |
| 23:08 | Build | Castle |
| 23:12 | Create | Longboat |
| 23:13 | Create | Longboat |
| 23:13 | Create | Longboat |
| 23:13 | Create | Longboat |
| 23:13 | Create | Longboat |
| 23:14 | Create | Longboat |
| 23:45 | Create | Villager (Male) |
| 23:45 | Create | Villager (Male) |
| 23:50 | Build | House |
| 23:52 | Build | House |
| 23:54 | Create | Villager (Male) |
| 23:59 | Create | Fishing Ship |
| 23:59 | Create | Fishing Ship |
| 24:00 | Create | Fishing Ship |
| 24:35 | Create | Villager (Male) |
| 24:36 | Create | Villager (Male) |
| 24:37 | Create | Villager (Male) |
| 24:49 | Build | House |
| 24:51 | Build | House |
Build order — Pradera Siberiana
125 actions detected in the replay
| 0:02 | Create | Villager (Male) |
| 0:02 | Create | Villager (Male) |
| 0:02 | Create | Villager (Male) |
| 0:03 | Create | Villager (Male) |
| 0:06 | Build | House |
| 0:09 | Build | House |
| 0:12 | Build | House |
| 0:25 | Research | Loom |
| 2:09 | Create | Villager (Male) |
| 2:49 | Create | Villager (Male) |
| 2:49 | Create | Villager (Male) |
| 3:00 | Create | Villager (Male) |
| 3:01 | Create | Villager (Male) |
| 3:31 | Create | Villager (Male) |
| 3:32 | Create | Villager (Male) |
| 4:02 | Create | Villager (Male) |
| 4:02 | Create | Villager (Male) |
| 4:28 | Build | Mill |
| 4:39 | Create | Villager (Male) |
| 4:39 | Create | Villager (Male) |
| 4:39 | Create | Villager (Male) |
| 5:07 | Create | Villager (Male) |
| 5:08 | Create | Villager (Male) |
| 5:44 | Create | Villager (Male) |
| 5:44 | Create | Villager (Male) |
| 5:44 | Create | Villager (Male) |
| 5:56 | Create | Villager (Male) |
| 5:57 | Create | Villager (Male) |
| 6:12 | Create | Villager (Male) |
| 6:21 | Build | House |
| 6:25 | Build | Lumber Camp |
| 6:31 | Create | Villager (Male) |
| 6:31 | Create | Villager (Male) |
| 6:50 | Create | Villager (Male) |
| 7:08 | Create | Villager (Male) |
| 7:24 | Create | Villager (Male) |
| 7:24 | Create | Villager (Male) |
| 8:31 | Build | Mining Camp |
| 8:43 | Create | Villager (Male) |
| 9:17 | Build | Mining Camp |
| 10:10 | Research | Feudal Age |
| 10:59 | Build | Barracks |
| 11:29 | Build | Dock |
| 12:10 | Build | Mill |
| 12:18 | Build | House |
| 12:20 | Age | Feudal Age |
| 12:26 | Build | House |
| 12:30 | Build | Blacksmith |
| 13:08 | Create | Demolition Raft |
| 13:15 | Create | Fishing Ship |
| 13:29 | Build | Stable |
| 14:42 | Research | Castle Age |
| 14:46 | Build | House |
| 14:59 | Build | Farm |
| 15:05 | Create | Galley |
| 15:05 | Create | Galley |
| 15:18 | Research | Double-Bit Axe |
| 16:49 | Create | Spearman |
| 16:49 | Create | Spearman |
| 16:51 | Create | Spearman |
| 17:22 | Age | Castle Age |
| 17:35 | Create | Knight |
| 17:35 | Create | Knight |
| 17:57 | Create | Fishing Ship |
| 17:57 | Create | Fishing Ship |
| 18:33 | Build | Farm |
| 18:34 | Build | Farm |
| 18:39 | Build | Farm |
| 18:53 | Create | Knight |
| 19:15 | Build | House |
| 19:16 | Build | House |
| 20:26 | Build | Town Center |
| 21:42 | Build | Farm |
| 21:43 | Build | Farm |
| 21:46 | Build | Farm |
| 21:48 | Build | Farm |
| 21:57 | Create | Villager (Male) |
| 22:15 | Create | Fire Galley |
| 22:15 | Create | Fire Galley |
| 22:23 | Create | Villager (Male) |
| 22:25 | Create | Villager (Male) |
| 22:32 | Create | Villager (Male) |
| 23:12 | Research | Gold Mining |
| 23:17 | Research | Stone Mining |
| 23:21 | Research | Wheelbarrow |
| 23:58 | Create | Villager (Male) |
| 23:59 | Create | Villager (Male) |
| 24:04 | Create | Villager (Male) |
| 24:05 | Create | Villager (Male) |
| 24:21 | Build | Dock |
| 24:34 | Build | Farm |
| 24:37 | Create | Villager (Male) |
| 25:10 | Build | Farm |
| 25:13 | Create | Villager (Male) |
| 25:39 | Create | Villager (Male) |
| 25:42 | Build | Farm |
| 25:52 | Build | Farm |
| 26:11 | Research | War Galley (upgrade) |
| 26:40 | Build | Farm |
| 26:41 | Create | Villager (Male) |
| 26:43 | Create | Villager (Male) |
| 26:47 | Create | Villager (Male) |
| 26:49 | Create | Villager (Male) |
| 27:19 | Build | Dock |
| 27:27 | Build | Farm |
| 27:29 | Build | Farm |
| 27:40 | Build | Town Center |
| 27:45 | Create | Villager (Male) |
| 27:45 | Create | Villager (Male) |
| 28:21 | Create | Villager (Male) |
| 28:21 | Create | Villager (Male) |
| 28:26 | Create | Villager (Male) |
| 28:26 | Create | Villager (Male) |
| 28:26 | Create | Villager (Male) |
| 28:35 | Create | Villager (Male) |
| 28:36 | Create | Villager (Male) |
| 28:39 | Build | Farm |
| 28:53 | Build | House |
| 28:53 | Build | House |
| 28:54 | Build | House |
| 28:54 | Build | House |
| 28:54 | Build | House |
| 28:54 | Build | House |
| 28:55 | Build | House |
| 29:10 | Build | Castle |
Match timeline
| 4:01 | Douxmurder · first_building Dock |
| 4:58 | ageofscarlet · first_building Dock |
| 5:52 | JGamer · first_building Dock |
| 6:49 | samreutt · first_building Dock |
| 8:36 | kmk · first_building Barracks |
| 9:05 | Facuxx26 · first_building Dock |
| 9:57 | samreutt · age_up feudal |
| 10:37 | kmk · age_up feudal |
| 10:58 | kmk · first_building Stable |
| 10:59 | Pradera Siberiana · first_building Barracks |
| 11:08 | NoSkillForMeeTTV · age_up feudal |
| 11:22 | NoSkillForMeeTTV · first_building Dock |
| 11:29 | Pradera Siberiana · first_building Dock |
| 11:35 | Facuxx26 · age_up feudal |
| 11:49 | ageofscarlet · age_up feudal |
| 11:59 | Douxmurder · age_up feudal |
| 12:20 | Pradera Siberiana · age_up feudal |
| 12:56 | JGamer · age_up feudal |
| 13:29 | Pradera Siberiana · first_building Stable |
| 14:41 | JGamer · first_market_sell 100 food |
| 15:15 | Facuxx26 · first_building Barracks |
| 15:38 | JGamer · first_building Barracks |
| 16:44 | Douxmurder · resign |
| 17:15 | kmk · first_building Dock |
| 17:17 | Facuxx26 · first_building Archery Range |
| 17:22 | Pradera Siberiana · age_up castle |
| 17:23 | JGamer · age_up castle |
| 17:31 | JGamer · first_market_buy 100 wood |
| 17:42 | samreutt · first_building Barracks |
| 19:40 | NoSkillForMeeTTV · first_market_buy 100 stone |
| 19:45 | NoSkillForMeeTTV · first_market_sell 100 wood |
| 19:47 | ageofscarlet · age_up castle |
| 19:58 | Facuxx26 · age_up castle |
| 20:30 | Facuxx26 · first_market_buy 100 wood |
| 20:32 | NoSkillForMeeTTV · age_up castle |
| 20:53 | NoSkillForMeeTTV · first_building Castle |
| 21:30 | samreutt · age_up castle |
| 21:42 | kmk · age_up castle |
| 22:14 | Facuxx26 · first_market_sell 100 food |
| 22:19 | kmk · first_building Archery Range |
| 23:08 | JGamer · first_building Castle |
| 24:33 | samreutt · first_building Castle |
| 24:40 | ageofscarlet · first_building Castle |
| 26:49 | NoSkillForMeeTTV · first_building Siege Workshop |
| 27:13 | samreutt · first_market_sell 100 food |
| 27:23 | ageofscarlet · first_market_buy 100 stone |
| 28:40 | kmk · first_building Castle |
| 29:10 | Pradera Siberiana · first_building Castle |
| 29:33 | kmk · first_building Monastery |
[ AI ANALYSIS · 1 CREDIT ]
What really happened in this match?
Wolo.gg analyzes every decision: build order, eco, micro, common mistakes by bracket. Personalized analysis on WhatsApp or Discord in 30 seconds.
Civ guide
Tatars
Perfil
Jugador #25107512